 Dungeon Crawl Stone Soup version 0.20-a0-971-g5896763 (webtiles) character file.

2153 HankScorpio the Nimble (level 9, 0/67 HPs)
             Began as a Merfolk Ice Elementalist on Apr 9, 2017.
             Was a Believer of Fedhas.
             Slain by Grum
             ... wielding a -2 antimagic halberd
              (15 damage)
             ... on level 8 of the Dungeon.
             The game lasted 00:23:07 (7575 turns).

HankScorpio the Nimble (Merfolk Ice Elementalist)   Turns: 7575, Time: 00:23:08

Health: 0/67       AC:  9    Str:  9    XL:     9   Next: 31%
Magic:  0/12       EV: 21    Int: 17    God:    Fedhas [**....]
Gold:   415        SH:  3    Dex: 14    Spells: 11/12 levels left

rFire    . . .     SeeInvis .   b - +0 trident
rCold    . . .     Gourm    .   (no shield)
rNeg     . . .     Faith    .   m - -1 ring mail
rPois    .         Spirit   .   C - +2 helmet
rElec    .         Reflect  +   N - +0 cloak
rCorr    .         Harm     .   (no gloves)
MR       .....                  I - +0 pair of boots
Stlth    +.........             K - +3 amulet of reflection
Regen    0.3/turn               x - +6 ring of evasion
MPRegen  0.2/turn               (no ring)

@: very slightly contaminated
A: change form in water, swift swim, stealthy swim
a: Fungal Bloom, Evolution, Sunlight, Renounce Religion


You were on level 8 of the Dungeon.
You worshipped Fedhas.
Fedhas was pleased with you.
You were not hungry.

You visited 2 branches of the dungeon, and saw 9 of its levels.
You also visited: Ossuary.

You collected 415 gold pieces.

Inventory:

Hand Weapons
 a - a +1 fustibalus of velocity
 b - a +0 trident (weapon)
 n - a +0 dagger of venom
Missiles
 y - 42 sling bullets
Armour
 k - a +0 ring mail
 m - a -1 ring mail (worn)
 v - a +0 pair of boots
 w - a +0 robe
 B - a +1 robe of magic resistance
 C - a +2 helmet (worn)
 I - a +0 pair of boots (worn)
 J - the cursed +1 robe of Kufe {rC+ rN+, unknown}
   (You found it on level 5 of the Dungeon)

   It protects you from cold.
   It protects you from negative energy.
   It has a curse placed upon it.
 L - a +0 hat
 N - a +0 cloak (worn)
Jewellery
 x - a +6 ring of evasion (left hand)
 K - a +3 amulet of reflection (around neck)
Wands
 P - a wand of paralysis (14/24)
 Q - a wand of flame (31/48)
 U - a wand of acid (8/15)
Scrolls
 e - 4 scrolls of identify
 g - 9 scrolls of teleportation
 l - a scroll of magic mapping
 p - 3 scrolls of remove curse
 q - a scroll of noise
 H - a scroll of blinking
Potions
 d - 2 potions of heal wounds
 i - a potion of ambrosia {unknown}
 j - 2 potions of agility {unknown}
 o - 2 potions of mutation {unknown}
 t - a potion of magic {unknown}
 u - 2 potions of might {unknown}
 z - a potion of brilliance {unknown}
 D - a potion of curing {unknown}
 E - 3 potions of lignification {unknown}
 F - a potion of haste {unknown}
 G - a potion of resistance {unknown}
 O - a potion of invisibility {unknown}
 R - a potion of berserk rage {unknown}
 T - a potion of flight {unknown}
Books
 r - a book of Frost

   Spells                             Type                      Level
   a - Freeze                         Ice                          1
   b - Throw Frost                    Conjuration/Ice              2
   c - Ozocubu's Armour               Charms/Ice                   3
   d - Throw Icicle                   Conjuration/Ice              4
   e - Summon Ice Beast               Ice/Summoning                4
 M - a book of Necromancy

   Spells                             Type                      Level
   a - Pain                           Necromancy                   1
   b - Animate Skeleton               Necromancy                   1
   c - Vampiric Draining              Necromancy                   3
   d - Regeneration                   Charms/Necromancy            3
   e - Animate Dead                   Necromancy                   4
   f - Control Undead                 Necromancy                   4
Comestibles
 c - 8 bread rations
 f - a royal jelly
 h - a meat ration
 S - 3 fruits


   Skills:
 + Level 4.9 Fighting
 * Level 9.5 Polearms
 * Level 9.7 Dodging
 - Level 2.1 Stealth
 - Level 2.0 Spellcasting
   Level 0.7 Conjurations
 + Level 6.4 Ice Magic


You had 11 spell levels left.
You knew the following spells:

 Your Spells              Type           Power        Failure   Level  Hunger
a - Freeze                Ice            ###.         4%          1    #......


Dungeon Overview and Level Annotations

Branches:
Dungeon (8/15)             Temple (1/1) D:4            Lair (0/6) D:8

Altars:
Ashenzari
Cheibriados
Dithmenos
Elyvilon
Fedhas
Gozag
Hepliaklqana
Kikubaaqudgha
Makhleb
Nemelex Xobeh
Okawaru
Qazlal
Ru
Sif Muna
Vehumet
Wu Jian
Xom
Yredelemnul
Zin
The Shining One

Shops:
D:6 =*   D:7 =

Annotations:
D:8 Grum


Message History

You block the wolf's attack.
You puncture the wolf!
You kill the wolf!
Grum cheerfully says, "No dog meat for Grum tonight!"
Something hits your wandering mushroom.
Something hits your wandering mushroom! 2 gnolls and a gnoll sergeant come into view.
The gnoll shouts!
A gnoll comes into view.
Grum hits you with an antimagic halberd!
* * * LOW HITPOINT WARNING * * *
You feel your power leaking away.
Your wandering mushroom barely misses the gnoll sergeant.
Your wandering mushroom releases spores at the gnoll sergeant!
The gnoll sergeant is engulfed in a cloud of spores!
The gnoll sergeant hits your wandering mushroom with a trident.
Your wandering mushroom closely misses the gnoll sergeant.
Grum hits you from afar with an antimagic halberd!
You die...
Fedhas appreciates your contribution to the ecosystem.

,,,,,,,,**** ##........#*
,,,,,,,,,,,**##..........#**
,,,,,,,,,,,,,,............,**
,,,,,,,,,*****#.........$*,,*
,,,,,,,,,** #.........#**+***
,,,,,,,,,,*
#.......#**,,,,,***
,,,,,,,,,,*
#..÷...#*,,,,,,,,,*
,,,,,,,,,,*
*#.....#,,⌠,,,,,⌠,,
,,,,,,,,,,*
#@.g..#,,,,,⌠,,,,,
,,,,,,,,,,**
##....##,_,***,_,*
,,,,,,,,,,,** ##.ff.#****
***** ,,,,,,,,,,,,** ##ff##
,,,,,,,,,,,,,*** #g##
,,,,,,,,,,,,,,,** #.#*
,,,,,,,,*,,,,,,,* ##g**
,,,,,,,,,,,,,,,,* *..**
,,,,,,,,,,,*,,,,****g..**


You could see Grum, a gnoll sergeant and 4 friendly wandering mushrooms.

Vanquished Creatures
  A sky beast (D:6)
  A wandering mushroom (D:6)
  An orc warrior (D:6)
  2 ogres
  4 wolves (D:8)
  2 bullfrogs (D:6)
  2 elf skeletons (Ossuary)
  2 scorpions (D:4)
  2 wights (D:7)
  A crimson imp (D:6)
  4 centaur skeletons
  An orc priest (D:3)
  3 hounds
  A bullfrog skeleton (D:7)
  3 human skeletons (Ossuary)
  An iguana (D:5)
  3 orc wizards
  A worker ant (D:5)
  A big kobold skeleton (Ossuary)
  3 mummies
  9 adders
  A gnoll (D:7)
  A howler monkey skeleton (D:5)
  A shadow imp (D:5)
  3 oozes
  An adder skeleton (D:4)
  2 worms
  A dart slug (D:1)
  3 leopard geckos
  15 orcs
  5 bats
  5 giant cockroaches
  4 goblins
  5 hobgoblins
  8 jackals
  3 quokkas
  4 frilled lizards
  A goblin skeleton (D:5)
  9 hobgoblin skeletons (Ossuary)
  A jackal skeleton (Ossuary)
  5 kobolds
  7 kobold skeletons (Ossuary)
  A kobold zombie (Ossuary)
  A leopard gecko skeleton (D:5)
  10 orc skeletons (Ossuary)
  An orc zombie (D:5)
  A quokka skeleton (D:7)
  7 rats
154 creatures vanquished.

Vanquished Creatures (collateral kills)
  A spriggan (D:7)
  2 ogres (D:6)
  3 wights (D:7)
  A hound (D:6)
  A centaur skeleton (D:5)
  An orc wizard (D:6)
  A worker ant zombie (D:7)
  A gnoll (D:8)
  2 orcs (D:6)
  3 jackals (D:7)
16 creatures vanquished.

Vanquished Creatures (others)
  2 wandering mushrooms (D:8)
  25 toadstools
27 creatures vanquished.

Grand Total: 197 creatures vanquished

Notes
Turn   | Place    | Note
-------+----------+-------------------------------------------
     0 | D:1      | HankScorpio the Merfolk Ice Elementalist began the quest for the Orb.
     0 | D:1      | Reached XP level 1. HP: 13/13 MP: 3/3
   153 | D:1      | Reached XP level 2. HP: 20/20 MP: 1/5
   482 | D:2      | Reached skill level 1 in Fighting
   609 | D:2      | Found an opulent altar of Gozag.
   653 | D:2      | Reached XP level 3. HP: 12/26 MP: 0/6
  1504 | D:2      | Reached skill level 1 in Polearms
  1504 | D:2      | Reached XP level 4. HP: 29/33 MP: 3/7
  2040 | D:3      | Reached XP level 5. HP: 37/38 MP: 3/8
  2414 | D:3      | Found a snail-covered altar of Cheibriados.
  2686 | D:4      | Reached skill level 5 in Dodging
  2746 | D:4      | Found a burning altar of Makhleb.
  2917 | D:4      | Reached XP level 6. HP: 46/46 MP: 4/9
  3163 | D:4      | Found a staircase to the Ecumenical Temple.
  3263 | Temple   | Entered the Ecumenical Temple
  3593 | Temple   | Became a worshipper of Fedhas Madash
  3951 | D:4      | Found a deep blue altar of Sif Muna.
  4100 | D:5      | Entered Level 5 of the Dungeon
  4127 | D:5      | Reached XP level 7. HP: 32/51 MP: 0/10
  4372 | D:5      | Found a sand-covered staircase.
  4381 | D:5      | Reached skill level 5 in Polearms
  4385 | Ossuary  | Entered an ossuary
  4435 | Ossuary  | Reached * piety under Fedhas
  4776 | Ossuary  | Reached skill level 5 in Ice Magic
  4960 | Ossuary  | Reached ** piety under Fedhas
  5261 | D:5      | Reached XP level 8. HP: 53/58 MP: 4/11
  5701 | D:5      | Got a shimmering robe
  5928 | D:6      | Found Puyt's General Store.
  6168 | D:6      | Found Mara's Jewellery Boutique.
  6341 | D:6      | Found a sparkling altar of Nemelex Xobeh.
  6593 | D:7      | Found Biadugy's Jewellery Emporium.
  6687 | D:7      | Reached XP level 9. HP: 52/66 MP: 9/12
  7551 | D:8      | Noticed Grum
  7575 | D:8      | Slain by Grum

Vault maps used:
D:1:      tarquinn_simple_flora_water_e
D:2:      first_bread, grunt_gozag_breadcrumbs
D:3:      nicolae_overflow_hidden_temple
D:4:      makhleb_heckhound_becter, temple_hall, led_sif_pool
D:5:      nicolae_ossuary_entry_giza
D:6:      serial_shops, nicolae_shop_competitors_out_of_business, shop,
          nemelex_dance_club_becter
D:7:      serial_shops, nicolae_shop_statue_plus, the_bakery
D:8:      gammafunk_temple_overflow_pools, dpeg_lair_monsters, uniq_grum
Temple:   dpeg_five_rooms_temple
Ossuary:  ossuary_tomb_1

Skill      XL: |  1  2  3  4  5  6  7  8  9 |
---------------+----------------------------+-----
Dodging        | 3 4 5 6 7 9 |  9.7
Fighting       | 1 2 3 4 |  4.9
Polearms       | 1 3 4 6 8 9 |  9.5
Ice Magic      | 4 5 6 |  6.4
Stealth        | |  2.1
Spellcasting   | |  2.0
Conjurations   | |  0.7

Action                   |  1- 3 |  4- 6 |  7- 9 || total
-------------------------+-------+-------+-------++-------
Melee: Unarmed           |    88 |       |       ||    88
       Spear             |    27 |     8 |       ||    35
       Dagger            |     9 |       |       ||     9
       Trident           |       |    27 |   437 ||   464
 Fire: Fustibalus        |       |    41 |       ||    41
 Cast: Freeze            |    53 |    62 |    57 ||   172
Invok: Fungal Bloom      |       |     2 |    32 ||    34
       Evolution         |       |       |     7 ||     7
  Use: Scroll            |       |       |     8 ||     8
 Stab: Distracted        |     1 |       |     2 ||     3
       Sleeping          |       |     1 |     5 ||     6
       Confused          |       |       |     1 ||     1
  Eat: Chunk             |     3 |     9 |     4 ||    16
       Bread ration      |       |       |     2 ||     2
Armor: Robe              |     2 |       |       ||     2
       Ring mail         |    55 |    21 |    91 ||   167
Dodge: Dodged            |   114 |    55 |   277 ||   446
Block: Other             |       |       |    21 ||    21
       Reflection        |       |       |     1 ||     1
